 Dungeon Crawl Stone Soup version 0.29-a0-878-g7b45a56547 (webtiles) character file.

Game seed: 12854253872156441669

67 Nato the Conjurer (level 4, -5/27 HPs)
             Began as an Octopode Conjurer on July 20, 2022.
             Killed from afar by Ijyb (9 damage)
             ... with a puff of flame
             ... on level 3 of the Dungeon.
             The game lasted 00:04:05 (2955 turns).

Nato the Conjurer (Octopode Conjurer)               Turns: 2955, Time: 00:04:05

Health: -5/27      AC:  1    Str:  6    XL:     4   Next: 18%
Magic:  7/10       EV: 13    Int: 22    God:
Gold:   129        SH:  0    Dex: 10    Spells: 10/11 levels left

rFire   . . .      SeeInvis .   s - +0 sling
rCold   + . .      Faith    .   (no shield)
rNeg    . . .      Spirit   .   (helmet restricted)
rPois   .          Reflect  .   (no amulet)
rElec   .          Harm     .   f - ring of protection from cold
rCorr   .          Rampage  .   (no ring)
Will    .....                   (no ring)
Stlth   +++.......              (no ring)
HPRegen 0.09/turn               (no ring)
MPRegen 0.12/turn               (no ring)
                                (no ring)
                                (no ring)

@: no status effects
A: almost no armour, amphibious, 8 rings, camouflage 1, gelatinous body 1,
(nimble swimmer 1), tentacles
a: no special abilities


You were on level 3 of the Dungeon.
You visited 1 branch of the dungeon, and saw 3 of its levels.

You collected 129 gold pieces.

Inventory:

Hand Weapons
 s - a +0 sling (weapon)
Missiles
 i - 3 boomerangs
Jewellery
 f - a ring of protection from cold (left tentacle)
 j - a ring of fire
 q - a +4 ring of protection
Scrolls
 b - 2 scrolls of fear {unknown}
 c - 2 scrolls of immolation {unknown}
 e - a scroll of vulnerability {unknown}
 n - a scroll of enchant armour {unknown}
 o - 3 scrolls of identify {unknown}
 p - a scroll of torment {unknown}
 t - a scroll of poison {unknown}
 u - a scroll of teleportation {unknown}
 v - a scroll of enchant weapon {unknown}
Potions
 a - 2 potions of magic
 d - 2 potions of berserk rage {unknown}
 g - a potion of haste {unknown}
 h - a potion of curing {unknown}
 k - a potion of might {unknown}
 l - 2 potions of flight {unknown}
 m - a potion of mutation {unknown}
 r - 2 potions of brilliance {unknown}
 w - a potion of lignification {unknown}


   Skills:
 - Level 2.0 Dodging
 - Level 2.6 Stealth
 + Level 4.0 Spellcasting
 - Level 4.0 Conjurations


You had 10 spell levels left.
You knew the following spells:

 Your Spells              Type           Power      Damage    Failure   Level
a - Magic Dart            Conj           88%        1d7       2%          1

Your spell library contained the following spells:

 Spells                   Type           Power      Damage    Failure   Level
 Searing Ray              Conj           44%        2d6       3%          2
 Apportation              Tloc           8%         N/A       11%         1
 Necrotise                Necr           16%        1d4       11%         1
 Summon Small Mammal      Summ           16%        N/A       11%         1
 Dazzling Flash           Conj/Hex       26%        N/A       14%         3
 Fulminant Prism          Conj/Hex       6%         3d7       43%         4
 Iskenderun's Mystic Bla  Conj/Tloc      13%        2d5       43%         4


Dungeon Overview and Level Annotations

Branches:
Dungeon (3/15)

Altars:

Shops:
D:3 [

Annotations:
D:3 Ijyb


Innate Abilities, Weirdness & Mutations

You cannot wear most types of armour.
You are amphibious.
You can wear up to eight rings at the same time.
Your skin changes colour to match your surroundings (Stealth+).
Your rubbery body absorbs attacks. (AC +1, EV +1)
((You are camouflaged when in or above water. (Stealth+)))
You have tentacles for arms and can constrict up to eight enemies at once.


Message History

Aiming: Magic Dart (safe; 2% risk of failure)
Press: ? - help, Shift-Dir - straight line, f/p - quokka
Aim: a quokka (severely wounded, 100% to hit)
The magic dart hits the quokka.
You kill the quokka!
Unknown command.
Magic restored.
Ijyb the Twisted Goblin comes into view.
She is wielding a +0 club and carrying a wand of flame (27).
Ijyb is nearby!
Ijyb is nearby!
Casting: Magic Dart (safe; 2% risk of failure)
Confirm with . or Enter, or press ? or * to list all spells.
Aiming: Magic Dart (safe; 2% risk of failure)
Press: ? - help, Shift-Dir - straight line, f - Ijyb
Aim: Ijyb, wielding a +0 club, wearing a +0 leather armour and carrying a wand of flame (27) (asleep, 100% to hit)
The magic dart hits Ijyb.
Ijyb is lightly wounded.
Unknown command.
Casting: Magic Dart (safe; 2% risk of failure)
Confirm with . or Enter, or press ? or * to list all spells.
Aiming: Magic Dart (safe; 2% risk of failure)
Press: ? - help, Shift-Dir - straight line, f/p - Ijyb
Aim: Ijyb, wielding a +0 club, wearing a +0 leather armour and carrying a wand of flame (27) (lightly wounded, 100% to hit)
The magic dart hits Ijyb but does no damage.
Ijyb is lightly wounded.
Unknown command.
Casting: Magic Dart (safe; 2% risk of failure)
Confirm with . or Enter, or press ? or * to list all spells.
Aiming: Magic Dart (safe; 2% risk of failure)
Press: ? - help, Shift-Dir - straight line, f/p - Ijyb
Aim: Ijyb, wielding a +0 club, wearing a +0 leather armour and carrying a wand of flame (27) (lightly wounded, 100% to hit)
The magic dart hits Ijyb.
Ijyb is moderately wounded.
Ijyb zaps a wand.
The puff of flame hits you!
Ijyb zaps a wand.
The puff of flame hits you!
* * * LOW HITPOINT WARNING * * *
Ijyb zaps a wand.
The puff of flame hits you.
* * * LOW HITPOINT WARNING * * *
Ijyb zaps a wand.
The puff of flame hits you!
You die...

#.##.##. .## ...... ..
###.#.# .# #.....##.#
###.....g..# ##
...†....#### .#
###.....#####.# .#
..............# .#
...####@####### .# ..
#.# .# . #.####### .##
#.......# ..# #.#####.#
..# #+##....#
.########## #.##.##.#
....#.....# #.##.##.##.#
.##.#.###.###∩##.......#


You could see Ijyb.

Vanquished Creatures
  2 adders (D:2)
  2 dart slugs
  6 endoplasms
  3 giant cockroaches
  3 goblins
  4 hobgoblins (D:1)
  2 jackals (D:2)
  A quokka (D:3)
  4 ball pythons (D:1)
  6 bats
  2 frilled lizards (D:1)
  3 kobolds
  4 rats
42 creatures vanquished.

Notes
Turn   | Place    | Note
-------+----------+-------------------------------------------
     0 | D:1      | Nato the Octopode Conjurer began the quest for the Orb.
     0 | D:1      | Reached XP level 1. HP: 11/11 MP: 3/3
    22 | D:1      | You fall into a shaft and drop 1 floor!
    64 | D:2      | Reached XP level 2. HP: 10/17 MP: 0/5
   775 | D:2      | Reached XP level 3. HP: 21/21 MP: 1/7
  1584 | D:1      | Found a faded altar of an unknown god.
  2252 | D:2      | Reached XP level 4. HP: 27/27 MP: 7/9
  2876 | D:3      | Found Ewucuzu's Armour Emporium.
  2947 | D:3      | Noticed Ijyb
  2955 | D:3      | Killed from afar by Ijyb

Illustrated notes

Levels and vault maps discovered:
D:1:      amcnicky_arrival_choice, layout_loops_cross,
          ebering_ecumenical_altar_abandoned, serial_bayou_pond_a,
          minmay_hexomino_f4
D:2:      layout_loops_corners, st_stairs_14, chequers_arboretum,
          skrybe_limestone_x
D:3:      layout_loops_cross, mainiacjoe_overflow_alcove_1, serial_shops,
          nicolae_shop_hallway_stairs, uniq_ijyb

Skill      XL: |  1  2  3  4 |
---------------+-------------+-----
Spellcasting   | 3 4 |  4.0
Dodging        | |  2.0
Stealth        | |  2.6
Conjurations   | |  4.0

Action                   |  1- 3 |  4- 6 || total
-------------------------+-------+-------++-------
 Fire: Sling             |       |     1 ||     1
 Cast: Magic Dart        |    67 |    21 ||    88
Armor: Skin              |     2 |       ||     2
Dodge: Dodged            |     7 |       ||     7

Table legend: (Time is in decaauts)
 A = Elapsed time spent in this place.
 B = Non-inter-level travel time spent in this place.
 C = Inter-level travel time spent in this place.
 D = Time resting spent in this place.
 E = Time spent auto-exploring this place.
 F = Levels seen in this place.
 G = Mean time per level.
                   A        B        C        D        E       F      G
               +--------+--------+--------+--------+--------+-----+--------+
         Total |   2953 |   2818 |    135 |    708 |   1854 |   3 |  984.3 |
       Dungeon |   2953 |   2818 |    135 |    708 |   1854 |   3 |  984.3 |
               +--------+--------+--------+--------+--------+-----+--------+

Top non-repeatable levels by time:
     D:2: 1539 daAuts
     D:1: 1022 daAuts
     D:3: 391 daAuts
